 Dungeon Crawl Stone Soup version 0.28.0-53-g5a82cb258f (webtiles) character file.

Game seed: 1766402785757365593

25 Descartes the Sneak (level 3, 24/26 HPs)
             Began as an Octopode Monk on June 16, 2022.
             Was a Believer of Sif Muna.
             Got out of the dungeon alive.
             The game lasted 00:00:59 (586 turns).

Descartes the Sneak (Octopode Monk)                  Turns: 586, Time: 00:01:00

Health: 24/26      AC:  1    Str: 12    XL:     3   Next: 4%
Magic:  3/3        EV: 14    Int: 12    God:    Sif Muna [**....]
Gold:   9          SH:  0    Dex: 14    Spells: 2/2 levels left

rFire   . . .      SeeInvis .   a - +0 short sword
rCold   . . .      Faith    .   (no shield)
rNeg    . . .      Spirit   .   (helmet restricted)
rPois   .          Reflect  .   (no amulet)
rElec   .          Harm     .   (no ring)
rCorr   .          Rampage  .   (no ring)
Will    .....                   (no ring)
Stlth   +++.......              (no ring)
HPRegen 0.08/turn               (no ring)
MPRegen 0.08/turn               (no ring)
                                (no ring)
                                (no ring)

@: no status effects
A: almost no armour, amphibious, 8 rings, camouflage 1, gelatinous body 1,
(nimble swimmer 1), tentacles
a: Renounce Religion, Channel Magic


You escaped.
You worshipped Sif Muna.
Sif Muna was pleased with you.
You visited 1 branch of the dungeon, and saw 1 of its levels.

You collected 9 gold pieces.

Inventory:

Hand Weapons
 a - a +0 short sword (weapon)
Missiles
 e - 2 poisoned darts (quivered)
 f - 43 stones
Scrolls
 b - 2 scrolls of vulnerability {unknown}
Potions
 c - a potion of brilliance {unknown}
 d - a potion of lignification {unknown}


   Skills:
 + Level 3.3 Fighting
 + Level 3.2 Short Blades
 + Level 3.3 Dodging
 + Level 3.4 Stealth


You had 2 spell levels left.
You didn't know any spells.
Your spell library was empty.

Dungeon Overview and Level Annotations

Branches:
Dungeon (1/15)

Altars:
Sif Muna


Innate Abilities, Weirdness & Mutations

You cannot wear most types of armour.
You are amphibious.
You can wear up to eight rings at the same time.
Your skin changes colour to match your surroundings (Stealth+).
Your rubbery body absorbs attacks. (AC +1, EV +1)
((You are camouflaged when in or above water. (Stealth+)))
You have tentacles for arms and can constrict up to eight enemies at once.


Message History

You closely miss the goblin. You grab the goblin. You constrict the goblin.
The goblin barely misses you.
You hit the goblin.
You kill the goblin!
You have reached level 3!
Your experience leads to an increase in your attributes!
Increase (S)trength, (I)ntelligence, or (D)exterity?
You feel stronger. x2
Found a scroll labelled PYQARU VEBI.
Things that are here:
a +0 club; a goblin corpse
There is a faded altar of an unknown god here.
You cannot tell which god this altar belongs to.
Convert to them anyway?
Sif Muna accepts your prayer! Sif Muna welcomes you!
You can now call upon Sif Muna for magical energy.
There is a large open door here.
A ball python comes into view.
Unknown command.
The ball python hisses angrily.
The ball python bites you. The ball python grabs you.
The ball python constricts you.
You hit the ball python.
You kill the ball python!
Sif Muna accepts your kill.
No target in view!
No target in view!
No target in view!
No target in view!
No target in view!
No target in view!
No target in view!
No target in view!
No target in view!
No target in view!
There is a staircase leading out of the dungeon here.
Are you sure you want to leave the Dungeon?
This will make you lose the game! [Y]es or [N]o only, please.
Are you sure you want to leave the Dungeon?
This will make you lose the game!
You have escaped!

##################
#P≈.≈≈≈≈.P≈.≈≈P..P
#≈≈≈≈≈≈≈P.≈≈≈≈≈.P.
#≈≈≈≈≈≈≈≈≈≈≈≈≈≈P≈≈
#≈≈≈≈≈≈≈≈≈≈≈≈≈≈≈≈≈
#≈.≈≈≈≈≈≈≈≈≈≈≈≈≈≈≈
#≈..≈..≈≈≈≈≈..≈≈≈.
#.#P.≈#.≈.≈.##.≈.#
#@######.P.####.##
### ##### ###


There were no monsters in sight!

Vanquished Creatures
  A dart slug (D:1)
  2 bats (D:1)
  2 endoplasms (D:1)
  A giant cockroach (D:1)
  3 goblins (D:1)
  A hobgoblin (D:1)
  2 jackals (D:1)
  2 quokkas (D:1)
  4 ball pythons (D:1)
  2 kobolds (D:1)
  A rat (D:1)
21 creatures vanquished.

Vanquished Creatures (others)
  7 plants (D:1)
7 creatures vanquished.

Grand Total: 28 creatures vanquished

Notes
Turn   | Place    | Note
-------+----------+-------------------------------------------
     0 | D:1      | Descartes the Octopode Monk began the quest for the Orb.
     0 | D:1      | Reached XP level 1. HP: 16/16 MP: 1/1
   333 | D:1      | Reached XP level 2. HP: 19/21 MP: 2/2
   509 | D:1      | Found a faded altar of an unknown god.
   532 | D:1      | Reached XP level 3. HP: 23/26 MP: 3/3
   541 | D:1      | Prayed at the altar of an unknown god.
   541 | D:1      | Became a worshipper of Sif Muna the Loreminder
   541 | D:1      | Reached * piety under Sif Muna
   541 | D:1      | Reached ** piety under Sif Muna
   586 | D:$      | Got out of the dungeon alive.

Illustrated notes

Levels and vault maps discovered:
D:1:      lightli_arrival_windingriver, layout_basic,
          nicolae_ecumenical_snake_handling, hangedman_feature_mirror,
          chequers_serial_rivers_small_b, minmay_nonomino_d4

Skill      XL: |  1 |
---------------+----+-----
Stealth        | 3 |  3.4
Fighting       | |  3.3
Short Blades   | |  3.2
Dodging        | |  3.3

Action                   || total
-------------------------++-------
Melee: Short sword       ||    41
       Constrict         ||     9
       Tentacles         ||     5
 Stab: Sleeping          ||     1
       Distracted        ||     1
Armor: Skin              ||     1
Dodge: Dodged            ||    25
